 Dungeon Crawl Stone Soup version 0.26.1-11-gd32895ea62 (webtiles) character file.

Game seed: 13031640250093070262

75 Exodus22XD the Chopper (level 4, 0/40 HPs)
             Began as a Hill Orc Monk on May 1, 2021.
             Succumbed to Sigmund's poison
             ... on level 2 of the Dungeon.
             The game lasted 00:02:21 (1405 turns).

Exodus22XD the Chopper (Hill Orc Monk)              Turns: 1405, Time: 00:02:22

Health: 0/40       AC:  7    Str: 14    XL:     4   Next: 31%
Magic:  4/4        EV: 10    Int: 10    God:
Gold:   62         SH:  0    Dex: 13    Spells: 3/3 levels left

rFire    . . .     SeeInvis .   a - +0 hand axe
rCold    . . .     Faith    .   (no shield)
rNeg     . . .     Spirit   .   l - +0 scale mail
rPois    .         Reflect  .   (no helmet)
rElec    .         Harm     .   (no cloak)
rCorr    .         Rampage  .   (no gloves)
Will     .....                  c - +0 pair of boots (curse)
Stlth    ..........             (no amulet)
HPRegen  0.13/turn              (no ring)
MPRegen  0.09/turn              (no ring)

@: lethally poisoned (0 -> -21)
A: no striking features
a: no special abilities


You were on level 2 of the Dungeon.
You visited 1 branch of the dungeon, and saw 2 of its levels.

You collected 62 gold pieces.

Inventory:

Hand Weapons
 a - a +0 hand axe (weapon)
Armour
 c - a cursed +0 pair of boots (worn)
 d - a +0 ring mail
 l - a +0 scale mail (worn)
Scrolls
 f - a scroll of fog {unknown}
 g - a scroll of remove curse {unknown}
 h - 2 scrolls of magic mapping {unknown}
 i - 2 scrolls of identify {unknown}
 k - 4 scrolls of amnesia {unknown}
Potions
 b - 3 potions of ambrosia {unknown}
 e - a potion of brilliance {unknown}
 j - a potion of curing {unknown}


   Skills:
 + Level 4.2 Fighting
 + Level 5.3 Axes
 * Level 1.8 Armour
 - Level 2.6 Dodging
 - Level 1.5 Stealth


You had 3 spell levels left.
You didn't know any spells.
Your spell library was empty.

Dungeon Overview and Level Annotations

Branches:
Dungeon (2/15)

Altars:

Annotations:
D:2 Sigmund


Message History

You are lethally poisoned!
You slash Sigmund!
Sigmund is moderately wounded.
You feel very sick.
Sigmund says, "Look into my eyes."
Sigmund hits you with a +1 scythe of venom!
* * * LOW HITPOINT WARNING * * *
You closely miss Sigmund.
Sigmund is moderately wounded.
* * * LOW HITPOINT WARNING * * *
You feel sick.
You closely miss Sigmund.
Sigmund is moderately wounded.
* * * LOW HITPOINT WARNING * * *
You feel sick.
Sigmund gestures at himself while chanting.
Sigmund flickers and vanishes!
Deactivating autopickup; reactivate with Ctrl-A.
You closely miss something.
You die...

########## #........#
########
.##........###.......
...........##.......
#..................
#..................
#.......>##........
##........###.......
#.{@................
#..........###.......
#.##....!### #.......
.. #..#...# #.......
#.. .......##.###
#####.## #..###...##
#.# ###.#
#....#...####.#####
#.>.#
##.#..#............#
##.####
###........#.........#
#......


There were no monsters in sight!

Vanquished Creatures
  A centaur skeleton (D:2)
  2 adders (D:2)
  An ooze (D:1)
  2 worms (D:2)
  2 leopard geckos (D:1)
  A giant cockroach (D:1)
  2 goblins
  A hobgoblin (D:1)
  5 bats (D:1)
  A frilled lizard (D:1)
  4 rats
22 creatures vanquished.

Notes
Turn   | Place    | Note
-------+----------+-------------------------------------------
     0 | D:1      | Exodus22XD the Hill Orc Monk began the quest for the Orb.
     0 | D:1      | Reached XP level 1. HP: 19/19 MP: 1/1
   234 | D:1      | Reached XP level 2. HP: 27/27 MP: 2/2
   944 | D:2      | Reached skill level 5 in Axes
   944 | D:2      | Reached skill level 1 in Armour
   944 | D:2      | Reached XP level 3. HP: 33/33 MP: 3/3
   977 | D:2      | Reached XP level 4. HP: 19/40 MP: 4/4
  1394 | D:2      | Noticed Sigmund
  1404 | D:2      | HP: 2/40 [poisoned by Sigmund]
  1405 | D:2      | Succumbed to Sigmund's poison

Illustrated notes

Levels and vault maps discovered:
D:1:      roderic_crop_circles_arrival_small, layout_basic
D:2:      layout_rooms, uniq_sigmund

Skill      XL: |  1  2 |
---------------+-------+-----
Fighting       | 4 |  4.2
Axes           | 5 |  5.3
Armour         | 1 |  1.8
Dodging        | |  2.6
Stealth        | |  1.5

Action                   |  1- 3 |  4- 6 || total
-------------------------+-------+-------++-------
Melee: Hand axe          |    88 |    40 ||   128
 Stab: Sleeping          |     1 |       ||     1
Armor: Ring mail         |    47 |     1 ||    48
       Scale mail        |       |     5 ||     5
Dodge: Dodged            |    66 |    16 ||    82
